 Dungeon Crawl Stone Soup version 0.27-a0-1322-gfdffb62a71 (webtiles) character file.

Game seed: 15460749830152924286

1316 Shayle the Skirmisher (level 8, -16/84 HPs)
             Began as an Ogre Warper on June 23, 2021.
             Was an Initiate of the Shining One.
             Demolished by an ogre (25 damage)
             ... on level 5 of the Dungeon.
             The game lasted 00:25:14 (8501 turns).

Shayle the Skirmisher (Ogre Warper)                 Turns: 8501, Time: 00:25:15

Health: -16/84     AC:  4    Str: 16    XL:     8   Next: 59%
Magic:  0/20       EV: 11    Int: 16    God:    the Shining One [......]
Gold:   253        SH:  0    Dex:  8    Spells: 6/11 levels left

rFire    . . .     SeeInvis .   f - +0 halberd
rCold    + . .     Faith    .   (shield currently unavailable)
rNeg     . . .     Spirit   +   b - +1 robe
rPois    .         Reflect  .   (helmet restricted)
rElec    .         Harm     .   (no cloak)
rCorr    +         Rampage  .   (gloves unavailable)
Will     .....                  (boots unavailable)
Stlth    +.........             g - amulet of guardian spirit
HPRegen  0.24/turn              k - ring of magical power
MPRegen  0.17/turn              o - ring of Nucrooloe {rC+ rCorr Stlth+}

@: glowing
A: large, unfitting armour, tough skin 1
a: Renounce Religion


You were on level 5 of the Dungeon.
You worshipped the Shining One.
The Shining One was noncommittal.
You visited 1 branch of the dungeon, and saw 5 of its levels.

You collected 253 gold pieces.

Inventory:

Hand Weapons
 a - a +0 spear
 f - a +0 halberd (weapon)
 l - a +0 whip of draining
 m - a +0 whip of venom
Missiles
 t - 4 boomerangs (quivered)
Armour
 b - a +1 robe (worn)
 n - a +0 kite shield
Jewellery
 g - an amulet of guardian spirit (around neck)
 k - a ring of magical power (left hand)
 o - the ring of Nucrooloe (right hand) {rC+ rCorr Stlth+}
   (You found it on level 4 of the Dungeon)

   [ring of protection from cold]

   It protects you from cold.
   It protects you from acid and corrosion.
   It makes you more stealthy.
Wands
 s - a wand of digging (4)
Scrolls
 h - 5 scrolls of enchant armour
 j - a scroll of amnesia
 r - 2 scrolls of identify
Potions
 c - a potion of resistance
 e - a potion of brilliance
 v - a potion of magic {unknown}


   Skills:
 + Level 6.4 Fighting
 + Level 4.9 Polearms
 - Level 1.0 Throwing
 * Level 6.2 Dodging
 + Level 2.4 Spellcasting
 + Level 4.9 Translocations
 + Level 0.0 Invocations


You had 6 spell levels left.
You knew the following spells:

 Your Spells              Type           Power      Damage    Failure   Level
a - Blink                 Tloc           N/A        N/A       4%          2
b - Teleport Other        Tloc           17%        N/A       8%          3

Your spell library contained the following spells:

 Spells                   Type           Power      Damage    Failure   Level
 Gell's Gravitas          Tloc           8%         N/A       8%          3
 Lesser Beckoning         Tloc           8%         N/A       8%          3
 Beastly Appendage        Tmut           2%         N/A       21%         1
 Wereblood                Tmut           1%         N/A       30%         2
 Spider Form              Tmut/Pois      0%         N/A       52%         3
 Manifold Assault         Tloc           17%        N/A       58%         5
 Ice Form                 Ice/Tmut       1%         N/A       89%         4


Dungeon Overview and Level Annotations

Branches:
Dungeon (5/15)
 Temple: D:4-7

Altars:
Hepliaklqana
Uskayaw
Vehumet
The Shining One

Shops:
D:2 (

Annotations:
D:2 Sigmund
D:5 1 runed translucent door, Crazy Yiuf


Innate Abilities, Weirdness & Mutations

You are too large for most types of armour.
You have tough skin. (AC +1)


Message History

You barely miss the ogre.
The ogre is lightly wounded.
The ogre hits you with a +0 giant spiked club!!
You slash the ogre!
The ogre is heavily wounded.
The ogre hits you with a +0 giant spiked club!
You hit the ogre.
The ogre is heavily wounded.
The ogre hits you with a +0 giant spiked club!!
* * * LOW HITPOINT WARNING * * *
You hit the ogre.
The ogre is severely wounded.
The ogre closely misses you.
You hit the ogre.
The ogre is severely wounded.
The ogre hits you with a +0 giant spiked club!!
* * * LOW HITPOINT WARNING * * *
Unknown command.
Casting: Teleport Other (dangerous; 8% risk of failure)
Confirm with . or Enter, or press ? or * to list all spells.
You blink.
Reach: f) +0 halberd
Press: ? - help, Dir - move target, f/p - ogre
Aim: an ogre, wielding a +0 giant spiked club (severely wounded, about 30% to evade your +0 halberd)
You reach to attack!
You barely miss the ogre.
The ogre is severely wounded.
Unknown command.
Okay, then.
Okay, then.
You hit the ogre.
The ogre is almost dead.
The ogre misses you.
Unknown command.
You barely miss the ogre.
The ogre is almost dead.
The ogre closely misses you.
You barely miss the ogre.
The ogre is almost dead.
The ogre hits you with a +0 giant spiked club!!
You die...

..#.#.....##.##..#
#####..## .##.##.#..##.#
#.... ###[.##
..###..#.###.#
#.##...#####[.....
#..#.....###.###.#
#.....#.##.#.
...)...##......#.#
#........
.#####..#......#.#
###.####(.. .#
##........#.# #...# ##..
.# #..###...#O# ###.###
###.. .## #..# ###..@#
##...# ##.... ..### ##.##
##..###..### ##..#..
#...####..##
#...[..######..###.
#.#)..###..####..)####
#....## #.
....#....#....#....##
#.#### ##
..#...##.###..#.#...## #.#
#...#.##..).....#)#..###.#
##♣
..#...######.##......#...#
###.. ....#.#
#.##....#...######....


You could see an ogre.

Vanquished Creatures
  2 necrophages
  4 ogres
  A phantom (D:4)
  A centaur (D:5)
  A lemure (D:5)
  A gnoll sergeant (D:5)
  A wyvern skeleton (D:3)
  2 hounds
  A bullfrog skeleton (D:4)
  A jelly (D:4)
  4 orc priests (D:5)
  A centaur skeleton (D:5)
  A gnoll shaman (D:4)
  An iguana (D:3)
  Ijyb (D:4)
  4 gnolls (D:4)
  5 adders
  An ufetubus (D:5)
  3 adder skeletons
  4 dart slugs
  9 orcs
  6 endoplasms
  4 giant cockroaches
  2 goblins
  8 hobgoblins
  16 jackals
  4 quokkas
  7 ball pythons
  3 bats
  5 frilled lizards
  3 kobolds
  4 rats
111 creatures vanquished.

Vanquished Creatures (others)
  A plant (D:4)
1 creature vanquished.

Grand Total: 112 creatures vanquished

Notes
Turn   | Place    | Note
-------+----------+-------------------------------------------
     0 | D:1      | Shayle the Ogre Warper began the quest for the Orb.
     0 | D:1      | Reached XP level 1. HP: 22/22 MP: 3/3
   361 | D:1      | Reached XP level 2. HP: 10/29 MP: 5/5
  1220 | D:1      | Reached XP level 3. HP: 31/37 MP: 6/6
  1320 | D:1      | Found a radiant altar of Vehumet.
  1554 | D:2      | You fall into a shaft and drop 1 floor!
  1733 | D:3      | HP: 1/37 [wyvern skeleton (7)]
  1743 | D:3      | Reached XP level 4. HP: 3/46 MP: 7/7
  1746 | D:3      | Found a hide-covered altar of Uskayaw.
  2127 | D:3      | Learned a level 2 spell: Blink
  2131 | D:3      | Learned a level 3 spell: Teleport Other
  2448 | D:2      | Found a glowing golden altar of the Shining One.
  2455 | D:2      | Noticed Sigmund
  2731 | D:2      | Reached XP level 5. HP: 33/54 MP: 8/8
  3807 | D:4      | Noticed a phantom
  3954 | D:4      | Reached XP level 6. HP: 46/62 MP: 9/9
  4391 | D:4      | Reached XP level 7. HP: 50/71 MP: 10/10
  4552 | D:4      | Reached skill level 5 in Fighting
  4645 | D:4      | Identified the ring of Nucrooloe {rC+ rCorr Stlth+}
  4682 | D:4      | Found a faded altar of an unknown god.
  4682 | D:4      | Found a faded altar of an unknown god.
  4683 | D:4      | Found a faded altar of an unknown god.
  4685 | D:4      | Found a faded altar of an unknown god.
  4686 | D:4      | Found a hazy altar of Hepliaklqana.
  4974 | D:5      | Entered Level 5 of the Dungeon
  5023 | D:5      | Reached skill level 5 in Dodging
  5361 | D:5      | Reached XP level 8. HP: 49/82 MP: 11/11
  5521 | D:5      | Noticed Ijyb
  5594 | D:4      | Killed Ijyb
  6151 | D:5      | Found a runed translucent door.
  6152 | D:5      | Noticed Crazy Yiuf
  6877 | D:5      | HP: 1/83 [gnoll sergeant (9)]
  8111 | D:2      | Found Sayddip's Weapon Boutique.
  8124 | D:2      | Became a worshipper of the Shining One
  8209 | D:2      | Found a faded altar of an unknown god.
  8501 | D:5      | Demolished by an ogre

Illustrated notes

Levels and vault maps discovered:
D:1:      dpeg_arrival_water_altar, layout_loops_cross, minmay_statues_item,
          hangedman_decor_growths, minmay_bisected
D:2:      layout_basic, ebering_ecumenical_altar_box, serial_shops,
          nicolae_diamond_shop, basic_altar, minmay_strange_pillars,
          uniq_sigmund
D:3:      layout_basic, lemuel_doored_altar
D:4:      layout_basic, nicolae_hepliaklqana_ecumenical_no_more
D:5:      layout_rooms, lemuel_coloured_pillars_altar, minmay_misc_feat_pillars,
          minmay_fractal_squares_gapless_5, uniq_crazy_yiuf_cottage, uniq_pikel,
          uniq_ijyb

Skill      XL: |  1  2  3  4  5  6  7  8 |
---------------+-------------------------+-----
Fighting       | 3 4 5 6 |  6.4
Translocations | 3 4 |  4.9
Dodging        | 3 4 5 6 |  6.2
Polearms       | 3 4 |  4.9
Throwing       | |  1.0
Spellcasting   | |  2.4

Action                   |  1- 3 |  4- 6 |  7- 9 || total
-------------------------+-------+-------+-------++-------
Melee: Spear             |   157 |   239 |       ||   396
       Halberd           |       |     8 |   231 ||   239
       Whip              |       |     8 |       ||     8
Throw: Boomerang         |     5 |       |     9 ||    14
       Throwing net      |       |     1 |     1 ||     2
 Cast: Blink             |       |     4 |     3 ||     7
       Teleport Other    |       |     3 |     7 ||    10
Evoke: Wand              |       |     5 |     4 ||     9
  Use: Scroll            |     8 |     2 |     8 ||    18
       Potion            |     1 |     1 |     3 ||     5
 Stab: Sleeping          |       |     1 |       ||     1
       Distracted        |       |       |     1 ||     1
       Fleeing           |       |       |     1 ||     1
       Invisible         |       |       |     1 ||     1
Armor: Robe              |    51 |    73 |    65 ||   189
Dodge: Dodged            |    66 |   120 |   160 ||   346

Table legend: (Time is in decaauts)
 A = Elapsed time spent in this place.
 B = Non-inter-level travel time spent in this place.
 C = Inter-level travel time spent in this place.
 D = Time resting spent in this place.
 E = Time spent auto-exploring this place.
 F = Levels seen in this place.
 G = Mean time per level.
                   A        B        C        D        E       F      G
               +--------+--------+--------+--------+--------+-----+--------+
         Total |   8584 |   8304 |    280 |   3570 |   2506 |   5 | 1716.8 |
       Dungeon |   8584 |   8304 |    280 |   3570 |   2506 |   5 | 1716.8 |
               +--------+--------+--------+--------+--------+-----+--------+

Top non-repeatable levels by time:
     D:4: 3441 daAuts
     D:1: 1520 daAuts
     D:3: 1501 daAuts
     D:5: 1402 daAuts
     D:2: 718 daAuts
